 Dungeon Crawl Stone Soup version 0.28-a0-1506-g3893175d92 (webtiles) character file.

Game seed: 2099844868421786138

150 HallandMoats the Skirmisher (level 5, -3/47 HPs)
             Began as a Ghoul Fighter on Jan 13, 2022.
             Slain by a river rat (4 damage)
             ... on level 2 of the Dungeon.
             The game lasted 00:02:16 (2212 turns).

HallandMoats the Skirmisher (Ghoul Fighter)         Turns: 2212, Time: 00:02:16

Health: -3/47      AC:  6    Str: 20    XL:     5   Next: 32%
Magic:  5/5        EV:  9    Int:  5    God:
Gold:   96         SH:  4    Dex:  8    Spells: 4/4 levels left

rFire   . . .      SeeInvis .   h - +1 dagger (venom)
rCold   + . .      Faith    .   c - +0 buckler
rNeg    + + +      Spirit   .   b - +0 scale mail
rPois   ∞          Reflect  .   (no helmet)
rElec   .          Harm     .   (no cloak)
rCorr   .          Rampage  .   (no gloves)
Will    .....                   (no boots)
Stlth   ..........              (no amulet)
HPRegen 0.00/turn               (no ring)
MPRegen 0.09/turn               (no ring)

@: mighty, inhibited regen
A: claws 1, cold resistance 1, negative energy resistance 3, inhibited
regeneration, torment resistance 2
a: no special abilities


You were on level 2 of the Dungeon.
You visited 1 branch of the dungeon, and saw 3 of its levels.

You collected 96 gold pieces.

Inventory:

Hand Weapons
 a - a +0 war axe
 f - a +2 dagger of draining
 h - a +1 dagger of venom (weapon)
Armour
 b - a +0 scale mail (worn)
 c - a +0 buckler (worn)
Scrolls
 e - a scroll of blinking {unknown}
 i - 3 scrolls of identify {unknown}
 j - a scroll of teleportation {unknown}
 o - a scroll of enchant weapon {unknown}
 p - a scroll of summoning {unknown}
 q - a scroll of silence {unknown}
Potions
 g - a potion of curing {unknown}
 k - a potion of brilliance {unknown}
 l - a potion of haste {unknown}
 m - a potion of flight {unknown}
 n - a potion of degeneration {unknown}


   Skills:
 * Level 4.3 Fighting
 * Level 2.9 Axes
 + Level 3.1 Armour
 + Level 1.1 Dodging
 + Level 3.1 Shields
 + Level 1.4 Invocations


You had 4 spell levels left.
You didn't know any spells.
Your spell library contained the following spells:

 Spells                   Type           Power      Damage    Failure   Level
 Corpse Rot               Necr/Air       0%         N/A       96%         2
 Dispel Undead            Necr           0%         3d6       100%        4
 Death Channel            Necr           0%         N/A       100%        6


Dungeon Overview and Level Annotations

Branches:
Dungeon (3/15)

Altars:
Xom


Innate Abilities, Weirdness & Mutations

You thrive by killing the living.
You are immune to poison.
You have sharp fingernails.
Your flesh is cold resistant. (rC+)
You are immune to negative energy. (rN+++)
You do not regenerate when monsters are visible.
You are immune to unholy pain and torment.


Message History

You hit the worm.
The worm looks as sick as possible!
The worm is moderately wounded.
You block the river rat's attack. The worm bites you.
You hit the worm.
The worm looks as sick as possible!
The worm is severely wounded.
The river rat bites you.
You hit the worm.
The worm looks as sick as possible!
The worm is almost dead.
The river rat bites you.
* * * LOW HITPOINT WARNING * * *
The worm barely misses you.
Your unstable footing causes you to fumble your attack.
The river rat bites you.
* * * LOW HITPOINT WARNING * * *
The worm splashes around in the water.
The river rat misses you.
You kill the worm!
You feel better. You block the river rat's attack.
The river rat barely misses you.
The river rat bites you but does no damage.
The adder hisses angrily.
The river rat closely misses you. The adder closely misses you.
The adder bites you.
* * * LOW HITPOINT WARNING * * *
The river rat bites you.
* * * LOW HITPOINT WARNING * * *
The adder bites you but does no damage. The river rat closely misses you.
The adder closely misses you.
There is a stone staircase leading up here.
The river rat bites you but does no damage.
The adder bites you but does no damage.
You climb upwards.
There is a stone staircase leading down here.
Items here: ) ÷ ††.
You see here a river rat corpse.
You completely miss the river rat. The river rat bites you.
* * * LOW HITPOINT WARNING * * *
You feel very mighty all of a sudden. The river rat bites you.
You die...

###### #....# ####
#....######..###########
..............>r@......#
#########....[.######.##
#####...P..# #.#
#####........(.# #.#
......#####..#.# #.#
......# ##...# ####.##
......# ###.# #....<#
.....## #.###.##.##
###### #......#.#


You could see a river rat.

Vanquished Creatures
  An orc wizard (D:2)
  5 adders
  2 river rats
  3 worms (D:3)
  A dart slug (D:2)
  3 orcs
  3 ball pythons (D:1)
  2 endoplasms
  5 giant cockroaches
  3 goblins (D:1)
  5 hobgoblins
  3 jackals (D:1)
  5 kobolds
  3 quokkas
  A frilled lizard (D:3)
  4 rats
49 creatures vanquished.

Notes
Turn   | Place    | Note
-------+----------+-------------------------------------------
     0 | D:1      | HallandMoats the Ghoul Fighter began the quest for the Orb.
     0 | D:1      | Reached XP level 1. HP: 19/19 MP: 0/0
    90 | D:1      | Reached XP level 2. HP: 26/26 MP: 1/1
   393 | D:1      | Reached XP level 3. HP: 24/33 MP: 2/2
  1426 | D:3      | Reached skill level 1 in Invocations
  1588 | D:3      | Found a shimmering altar of Xom.
  1590 | D:3      | Found a shimmering altar of Xom.
  1591 | D:3      | Found a shimmering altar of Xom.
  1591 | D:3      | Found a shimmering altar of Xom.
  1591 | D:3      | Found a shimmering altar of Xom.
  1591 | D:3      | Found a shimmering altar of Xom.
  1592 | D:3      | Found a shimmering altar of Xom.
  1599 | D:3      | Found a shimmering altar of Xom.
  1628 | D:3      | Reached XP level 4. HP: 34/40 MP: 3/3
  1763 | D:3      | Reached skill level 4 in Fighting
  1805 | D:2      | Reached skill level 1 in Dodging
  2014 | D:2      | Reached XP level 5. HP: 28/46 MP: 3/5
  2211 | D:2      | HP: 1/47 [river rat (6)]
  2212 | D:2      | Slain by a river rat

Illustrated notes

Levels and vault maps discovered:
D:1:      ncdulo_watergridlock, layout_loops_ring, due_unseen_surprise
D:2:      layout_basic, serial_park_tiny_1
D:3:      layout_rooms, xom_redecorated, nicolae_qazlal_general_emergency,
          mainiacjoe_overflow_big_doors, shapermc_ecumenical_altar_totnotflames,
          lightli_sewer_entry_pipes

Skill      XL: |  1  2  3  4 |
---------------+-------------+-----
Axes           | 2 |  2.9
Invocations    | 1 |  1.4
Armour         | 3 |  3.1
Fighting       | 4 |  4.3
Dodging        | 1 |  1.1
Shields        | 3 |  3.1

Action                   |  1- 3 |  4- 6 || total
-------------------------+-------+-------++-------
Melee: Dagger            |   142 |    64 ||   206
       War axe           |     5 |       ||     5
  Use: Potion            |       |     1 ||     1
Armor: Scale mail        |    79 |    21 ||   100
Dodge: Dodged            |    59 |    29 ||    88
Block: Buckler           |    22 |    12 ||    34

Table legend: (Time is in decaauts)
 A = Elapsed time spent in this place.
 B = Non-inter-level travel time spent in this place.
 C = Inter-level travel time spent in this place.
 D = Time resting spent in this place.
 E = Time spent auto-exploring this place.
 F = Levels seen in this place.
 G = Mean time per level.
                   A        B        C        D        E       F      G
               +--------+--------+--------+--------+--------+-----+--------+
         Total |   2235 |   2197 |     38 |    284 |   1435 |   3 |  745.0 |
       Dungeon |   2235 |   2197 |     38 |    284 |   1435 |   3 |  745.0 |
               +--------+--------+--------+--------+--------+-----+--------+

Top non-repeatable levels by time:
     D:2: 949 daAuts
     D:1: 767 daAuts
     D:3: 519 daAuts
